[Event "Titled Tuesday Blitz March 21 Early 2023"]
[White "Mikhailovsky, Vladimir"]
[Black "Demin, Vladimir"]
[WhiteFideId "34105414"]
[BlackFideId "4167457"]
[WhiteElo "2293"]
[BlackElo "2633"]
[Result "1-0"]
[Round "09"]
[TimeControl "180+2"]
[Date "2023.03.21"]
[WhiteClock "0:00:16"]
[BlackClock "0:00:01"]

1. e4 e5 2. Nf3 Nc6 3. Nc3 Nf6 4. Bb5 Bb4 5. O-O O-O 6. d3 Bxc3 7. bxc3 d6 8. h3 Ne7 9. Nh4 Ng6 10. Nxg6 fxg6 11. Bc4+ Kh8 12. f4 c6 13. fxe5 dxe5 14. Bg5 h6 15. Be3 Qe7 16. Qd2 Be6 17. Bb3 g5 18. Qe2 a5 19. Rab1 b5 20. Kh2 a4 21. Bxe6 Qxe6 22. Bc5 Rf7 23. a3 g4 24. Rf5 gxh3 25. gxh3 Nh7 26. Rbf1 Rxf5 27. Rxf5 Nf6 28. Qf3 Re8 29. Be3 Nh7 30. h4 Qa2 31. Qh5 Re6 32. Qf7 Nf6 33. Bxh6 Qxc2+ 34. Kg3 Qxd3+ 35. Rf3 Nxe4+ 36. Kh3 Qxf3+ 37. Qxf3 Rxh6 38. Qxe4 1-0


[Site "https://www.chess.com"]

[Event "Titled Tuesday Blitz March 21 Early 2023"]
[White "Sattarov, Bobir"]
[Black "Skliarov, Viktor"]
[WhiteFideId "14203081"]
[BlackFideId "14106736"]
[WhiteElo "2351"]
[BlackElo "2289"]
[Result "1/2-1/2"]
[Round "09"]
[TimeControl "180+2"]
[Date "2023.03.21"]
[WhiteClock "0:00:07"]
[BlackClock "0:00:19"]

1. e4 c5 2. Nf3 Nc6 3. d4 cxd4 4. Nxd4 Nf6 5. Nc3 e5 6. Nb3 Bb4 7. Bc4 Nxe4 8. Bxf7+ Kxf7 9. Qd5+ Ke8 10. Qxe4 Bxc3+ 11. bxc3 d5 12. Qe2 Bf5 13. O-O h5 14. Ba3 Kf7 15. Rad1 Kg6 16. Nc5 b6 17. Qb5 bxc5 18. Qxc6+ Qf6 19. Qxd5 Rad8 20. Qxc5 Bxc2 21. Rxd8 Rxd8 22. Qxa7 Rd1 23. Rxd1 Bxd1 24. Qd7 Bg4 25. Qd6 Qxd6 26. Bxd6 Kf6 27. f3 Bd7 28. Kf2 Ke6 29. Bf8 g6 30. Ke3 Kd5 31. Bg7 Bb5 32. g4 Bc4 33. a3 Bb5 34. Kf2 Bc4 35. Kg3 Be2 36. a4 Bd1 37. a5 Be2 38. Bh8 Ke6 39. Kf2 Bb5 40. Ke3 Kd5 41. gxh5 gxh5 42. f4 exf4+ 43. Kxf4 Be2 44. Bd4 Kc6 45. Kg5 Kb5 46. Bb6 Ka6 47. c4 Bxc4 48. Kxh5 Be2+ 49. Kg5 Kb7 50. Kf4 Ka6 51. Ke3 Bd1 52. Kd4 Bh5 53. Kc5 Kb7 54. Bc7 Kxc7 55. a6 Kb8 56. Kb6 Ka8 57. a7 Bg4 58. Ka6 Be2+ 59. Kb6 Bh5 60. h3 Bf3 61. h4 Bh5 62. Ka6 Be2+ 63. Kb6 Bh5 64. Ka6 Be2+ 1/2-1/2


[Site "https://www.chess.com"]

[Event "Titled Tuesday Blitz March 21 Early 2023"]
[White "Samunenkov, Ihor"]
[Black "Orlov, Georgi"]
[WhiteFideId "14187086"]
[BlackFideId "2011271"]
[WhiteElo "2457"]
[BlackElo "2625"]
[Result "1-0"]
[Round "09"]
[TimeControl "180+2"]
[Date "2023.03.21"]
[WhiteClock "0:00:03"]
[BlackClock "0:00:01"]

1. e4 e6 2. d4 d5 3. Nd2 Be7 4. Bd3 c5 5. dxc5 Nf6 6. Qe2 Nc6 7. Ngf3 Bxc5 8. O-O O-O 9. a3 a5 10. c4 dxc4 11. Nxc4 b5 12. Nce5 Nxe5 13. Nxe5 Qb6 14. Bxb5 Bb7 15. Bd3 Rfd8 16. Bg5 Bd4 17. Nc4 Qc5 18. Bh4 g5 19. Bg3 Nxe4 20. Bxe4 Bxe4 21. Qxe4 Qxc4 22. Kh1 f5 23. Qf3 f4 24. Bxf4 gxf4 25. Qxf4 Kh8 26. Rac1 Qd5 27. Qh6 Ra7 28. Rcd1 Rg7 29. f3 Rdg8 30. Rd2 e5 31. Rfd1 Qc4 32. Qf6 Qb3 33. h3 Qb7 34. Rc2 Qe7 35. Qxe7 Rxe7 36. b4 axb4 37. axb4 Rb7 38. Rb1 Rgb8 39. Rbc1 Rxb4 40. Rc7 R4b7 41. R7c6 Rb1 42. Kh2 Rxc1 43. Rxc1 Rf8 44. Rc7 Be3 45. Re7 Bd4 46. Re6 Kg7 47. Re7+ Rf7 48. Re6 Rf6 49. Re7+ Kg6 50. Kg3 h5 51. h4 Rf4 52. Re6+ Kg7 53. Re7+ Rf7 54. Re8 Be3 55. Kh3 Bd4 56. Kg3 Rb7 57. Re6 Rb2 58. Re7+ Kf6 59. Rh7 Kg6 60. Re7 Bf2+ 61. Kh3 Rb5 62. Re6+ Kg7 63. Re7+ Kf6 64. Rh7 Kg6 65. Re7 Rb1 66. Kh2 Be3 67. Re6+ Kf5 68. Re8 Bf2 69. Rf8+ Ke6 70. g3 Rb2 71. Kh3 1-0


[Site "https://www.chess.com"]

[Event "Titled Tuesday Blitz March 21 Early 2023"]
[White "Tanenbaum, Zachary"]
[Black "Aaditya Dhingra"]
[WhiteFideId "2060850"]
[BlackFideId "25678191"]
[WhiteElo "2175"]
[BlackElo "2083"]
[Result "0-1"]
[Round "09"]
[TimeControl "180+2"]
[Date "2023.03.21"]
[WhiteClock "0:01:14"]
[BlackClock "0:01:22"]

1. e4 c5 2. Nf3 Nc6 3. Nc3 Nf6 4. Bb5 Qc7 5. O-O Nd4 6. Re1 a6 7. Bf1 e5 8. d3 Be7 9. Bg5 Nxf3+ 10. Qxf3 d6 11. Bxf6 Bxf6 12. Nd5 Qd8 13. a4 Bg5 14. a5 Bd2 15. Red1 Bxa5 16. c3 O-O 17. d4 cxd4 18. cxd4 Bb6 19. dxe5 dxe5 20. Qa3 Bd4 21. Rac1 Be6 22. Nc7 Rc8 23. Nxe6 fxe6 24. Qb3 Qf6 25. Rxc8 Qxf2+ 26. Kh1 Qg1# 0-1


[Site "https://www.chess.com"]

[Event "Titled Tuesday Blitz March 21 Early 2023"]
[White "Bodnaruk, Anastasia"]
[Black "Cherniaiev, Tykhon"]
[WhiteFideId "4181751"]
[BlackFideId "14182360"]
[WhiteElo "2310"]
[BlackElo "2450"]
[Result "1-0"]
[Round "09"]
[TimeControl "180+2"]
[Date "2023.03.21"]
[WhiteClock "0:00:10"]
[BlackClock "0:00:05"]

1. e4 e5 2. Nf3 Nc6 3. Bb5 Nf6 4. d3 Bc5 5. c3 O-O 6. O-O d5 7. Bxc6 bxc6 8. Nxe5 dxe4 9. d4 Bd6 10. f4 c5 11. Be3 cxd4 12. Bxd4 Ba6 13. c4 c5 14. Bc3 Qe7 15. b3 Qe6 16. Qe2 Bb7 17. Nd2 Rad8 18. Rad1 Bc7 19. Rfe1 h6 20. h3 Rfe8 21. Nf1 Nd7 22. Nxd7 Rxd7 23. Rxd7 Qxd7 24. Qe3 Rd8 25. Nd2 Qd3 26. g3 Qc2 27. Nb1 Rd3 28. Qf2 Rxc3 29. Nxc3 Qxc3 30. Qe3 Qb2 31. Re2 Qd4 32. Kf2 Ba5 33. f5 f6 34. g4 Bc7 35. Rd2 Qe5 36. Ke1 Qg3+ 37. Qxg3 Bxg3+ 38. Ke2 Bc6 39. Rd8+ Kf7 40. Rc8 Bd7 41. Rxc5 Be5 42. Rd5 Bc6 43. Rd8 Ke7 44. Rg8 Kf7 45. Rd8 Ke7 46. Rd1 Bb7 47. Ke3 Bd6 48. Kd4 Bc7 49. b4 Bf4 50. c5 Be5+ 51. Kc4 Kf7 52. b5 Ke8 53. c6 Bc8 54. Re1 h5 55. Rxe4 hxg4 56. hxg4 Kd8 57. Kd5 Kc7 58. a4 a6 59. Rc4 axb5 60. axb5 Kb6 61. Rb4 Bc3 62. Rb3 Be5 63. Rb1 Bc7 64. Kc4 Be5 65. Rd1 Kc7 66. Rh1 Kb6 67. Rh7 g6 68. Rh8 Kc7 69. Rxc8+ Kxc8 70. fxg6 f5 71. gxf5 Kc7 72. Kc5 Bf6 73. b6+ Kc8 74. c7 Kd7 75. Kd5 Bg7 76. Ke4 Bf6 77. Kf4 Bd4 78. Kg5 Be3+ 79. Kf6 Bd4+ 80. Kf7 Bxb6 81. g7 Bxc7 82. g8=Q Bd6 83. Qe8+ Kc7 84. Ke6 Bc5 85. Qd7+ Kb6 86. Kd5 Bf2 87. f6 Ka5 88. f7 Bc5 89. Qc7+ Ka6 90. Qc6+ Bb6 91. f8=Q Ka5 92. Qa3# 1-0


[Site "https://www.chess.com"]

[Event "Titled Tuesday Blitz March 21 Early 2023"]
[White "Harshavardhan G B"]
[Black "Nefedov, Sergey"]
[WhiteFideId "25059009"]
[BlackFideId "24113417"]
[WhiteElo "2323"]
[BlackElo "2227"]
[Result "1-0"]
[Round "09"]
[TimeControl "180+2"]
[Date "2023.03.21"]
[WhiteClock "0:00:36"]
[BlackClock "0:00:11"]

1. Nf3 Nf6 2. c4 e6 3. d4 d5 4. g3 c6 5. Bg2 Bb4+ 6. Bd2 Be7 7. O-O O-O 8. Qc2 Nbd7 9. Bf4 b6 10. Nbd2 Ba6 11. Rfd1 Nh5 12. Be3 Nhf6 13. Rac1 Rc8 14. b3 Ba3 15. Rb1 c5 16. h3 Qe7 17. dxc5 Bxc5 18. Bxc5 Nxc5 19. Qb2 dxc4 20. Nxc4 Bxc4 21. bxc4 Rfd8 22. Nd4 Nfe4 23. Qc2 f5 24. e3 Qf7 25. g4 h5 26. f3 Nd6 27. g5 e5 28. Nb5 Nxc4 29. Qe2 g6 30. Nxa7 Qxa7 31. Qxc4+ Kg7 32. f4 e4 33. Qc3+ Kh7 34. Rxd8 Rxd8 35. Bf1 Nd3 36. Qf6 Qxa2 37. Qe7+ Kg8 38. Qxd8+ Kf7 39. Bxd3 exd3 40. Qxd3 1-0


[Site "https://www.chess.com"]

[Event "Titled Tuesday Blitz March 21 Early 2023"]
[White "Skvortsov, Andrei"]
[Black "The_Sherman_Variation"]
[WhiteFideId "24108600"]
[WhiteElo "2259"]
[BlackElo "2557"]
[Result "1/2-1/2"]
[Round "09"]
[TimeControl "180+2"]
[Date "2023.03.21"]
[WhiteClock "0:00:13"]
[BlackClock "0:00:15"]

1. d4 Nf6 2. Nf3 e6 3. c4 c5 4. Nc3 Nc6 5. d5 exd5 6. cxd5 Nb8 7. e4 d6 8. Bb5+ Bd7 9. Be2 g6 10. Bf4 Bg4 11. O-O a6 12. a4 Bg7 13. Qb3 Qc7 14. e5 Nh5 15. exd6 Qd7 16. Ne5 Bxe5 17. Bxg4 Qxg4 18. Bxe5 O-O 19. Qxb7 Nd7 20. h3 Qf5 21. Bh2 Nhf6 22. Qb3 Rab8 23. Qd1 Rxb2 24. Rb1 Rfb8 25. Rxb2 Rxb2 26. Qc1 Rb4 27. Qe3 Kg7 28. Qe2 a5 29. g4 Qg5 30. Bg3 Nxd5 31. Ne4 Qd8 32. Nxc5 Nxc5 33. Qe5+ Kg8 34. Qxd5 Nxa4 35. Re1 Nb6 36. Qc6 Nd7 37. Re7 Nf6 38. Be5 Rb6 39. Qf3 Rxd6 40. Bxd6 Qxd6 41. Ra7 Kg7 42. Rxa5 Nd7 43. Kg2 Ne5 44. Qe4 f6 45. Ra7+ Nf7 46. Qb7 Qe6 47. Ra6 Qc4 48. Qc6 Qd4 49. Qf3 Qe5 50. Rc6 h5 51. gxh5 gxh5 52. Qg3+ Qxg3+ 53. fxg3 Kg6 54. Rc5 Ne5 55. Ra5 Nd3 56. Kf3 Ne5+ 57. Ke4 Nc4 58. Rc5 Nd2+ 59. Kf4 Nb3 60. Rc3 Nd4 61. Ke4 Ne6 62. Kf3 Nd4+ 63. Kg2 Ne6 64. Rc4 Ng5 65. Rc6 Ne4 66. h4 Nd2 67. Re6 Nc4 68. Kf3 Ne5+ 69. Ke4 Ng4 70. Ra6 Nf2+ 71. Kf3 Ng4 72. Ra5 Ne5+ 73. Kf4 Nd3+ 74. Ke4 Nf2+ 75. Ke3 Ng4+ 76. Kf4 Nf2 77. Rd5 Nh3+ 78. Ke4 Nf2+ 79. Ke3 Ng4+ 80. Kd4 Nf2 81. Ra5 Ng4 82. Kd5 Ne3+ 83. Ke6 Nf1 84. Ra3 Nd2 85. Rd3 Ne4 86. Rf3 Nc5+ 87. Ke7 Ne4 88. Rf4 f5 89. Ke6 Nxg3 90. Ke5 Ne2 91. Rxf5 Kh6 92. Rg5 Nc3 93. Rg3 Ne2 94. Rg2 Nc3 95. Rc2 Nb5 96. Rc6+ Kg7 97. Kf5 Nd4+ 98. Kg5 Nxc6 99. Kxh5 Kh7 100. Kg4 Ne7 101. h5 Ng8 102. Kg5 Nh6 103. Kh4 Kg7 104. Kg5 Kh7 105. Kh4 Ng8 106. Kg5 Kg7 107. Kh4 Kh6 108. Kg4 Nf6+ 109. Kh4 Nxh5 1/2-1/2


[Site "https://www.chess.com"]

[Event "Titled Tuesday Blitz March 21 Early 2023"]
[White "Villalba, Marcelo"]
[Black "Dehtiarov, Roman"]
[WhiteFideId "3701859"]
[BlackFideId "14186640"]
[WhiteElo "2191"]
[BlackElo "2162"]
[Result "1/2-1/2"]
[Round "09"]
[TimeControl "180+2"]
[Date "2023.03.21"]
[WhiteClock "0:00:04"]
[BlackClock "0:00:19"]

1. e4 e5 2. Nf3 Nc6 3. Bb5 a6 4. Ba4 Nf6 5. O-O Be7 6. d3 b5 7. Bb3 O-O 8. a4 Rb8 9. axb5 axb5 10. Nc3 d6 11. Nd5 Bg4 12. c3 Nxd5 13. Bxd5 Qd7 14. Bxc6 Qxc6 15. Nxe5 dxe5 16. Qxg4 b4 17. Bg5 Bxg5 18. Qxg5 bxc3 19. bxc3 Qxc3 20. Rac1 Qxd3 21. Qxe5 Rfe8 22. Qxc7 Qxe4 23. g3 h6 24. Qc4 Qg6 25. Qc2 Qe6 26. Rfd1 Qh3 27. Re1 Rec8 28. Qe2 Rd8 29. Rcd1 Rdc8 30. Rc1 Rf8 31. Qf1 Qh5 32. Qe2 Qg5 33. Qe5 Qg6 34. Qe4 Qa6 35. Rc7 Rb2 36. Re7 Qf6 37. Qe3 Kh7 38. Qd3+ g6 39. R7e2 Rxe2 40. Rxe2 Rd8 41. Qe4 h5 42. h4 Rd1+ 43. Re1 Rd2 44. Re2 Qa1+ 45. Kg2 Rd1 46. Qe7 Rg1+ 47. Kf3 Qa8+ 48. Qe4 Qc8 49. Qf4 Kg8 50. Qe4 Kh7 51. Qf4 Qc6+ 52. Qe4 Qd7 53. Re3 Qh3 54. Qf4 Qg2+ 55. Ke2 Qf1+ 56. Kf3 Qd1+ 57. Re2 Qd5+ 58. Qe4 Qd7 59. Qf4 Rh1 60. Re3 Qd1+ 61. Re2 Re1 62. Qxf7+ Kh6 63. Qf8+ Kh7 64. Qe7+ Kh8 65. Qe8+ Kh7 66. Qe7+ Kg8 67. Qe8+ Kg7 68. Qe7+ Kh6 69. Qg5+ Kh7 70. Qe7+ 1/2-1/2


[Site "https://www.chess.com"]

[Event "Titled Tuesday Blitz March 21 Early 2023"]
[White "Karthik Rajaa"]
[Black "Reprintsev, Alexander"]
[WhiteFideId "25035215"]
[BlackFideId "14100541"]
[WhiteElo "2215"]
[BlackElo "2229"]
[Result "1/2-1/2"]
[Round "09"]
[TimeControl "180+2"]
[Date "2023.03.21"]
[WhiteClock "0:00:08"]
[BlackClock "0:00:14"]

1. Nf3 d5 2. c4 dxc4 3. Na3 c5 4. Nxc4 Nc6 5. g3 g6 6. Bg2 Bg7 7. O-O Nf6 8. b3 Nd5 9. Bb2 Bxb2 10. Nxb2 e5 11. Rc1 b6 12. a3 Bb7 13. e3 e4 14. Ne1 Nf6 15. d3 Qe7 16. Qc2 exd3 17. Nexd3 O-O 18. b4 cxb4 19. Bxc6 bxa3 20. Nd1 Rac8 21. Qa4 Bxc6 22. Rxc6 Qd7 23. Ne5 Qe7 24. Qc4 Rcd8 25. Nf3 Qe4 26. Nd4 Nd5 27. Nc3 Nxc3 28. Qxc3 Rd7 29. Qxa3 Rxd4 30. exd4 Qxc6 31. Qxa7 Qd6 32. Rd1 Rd8 33. d5 Kg7 34. Qb7 Qc5 35. h3 Rd6 36. h4 h5 37. Qe7 Rxd5 38. Re1 Qxe7 39. Rxe7 Rd6 40. Rb7 Kf6 41. Kg2 Ke6 42. Kf3 f6 43. Rg7 Kf5 44. Rb7 Rd3+ 45. Ke2 Rb3 46. Rb8 g5 47. hxg5 fxg5 48. Rh8 Kg4 49. Kf1 h4 50. gxh4 gxh4 51. Kg2 h3+ 52. Kh2 b5 53. Rf8 Kg5 54. f3 b4 55. Kxh3 Rb1 56. Kg3 b3 57. Rb8 Kf5 58. Kg2 Ke5 59. Rb7 Kd4 60. f4 Kc3 61. f5 Rd1 62. f6 Rd8 63. f7 Rf8 64. Kg3 b2 65. Rc7+ Kd2 66. Rd7+ Kc2 67. Rc7+ Kd2 68. Rd7+ Kc2 69. Rc7+ Kd2 1/2-1/2


[Site "https://www.chess.com"]

[Event "Titled Tuesday Blitz March 21 Early 2023"]
[White "Darini, Pouria"]
[Black "Van Osch, Mees"]
[WhiteFideId "12502200"]
[BlackFideId "1035967"]
[WhiteElo "2482"]
[BlackElo "2324"]
[Result "1-0"]
[Round "09"]
[TimeControl "180+2"]
[Date "2023.03.21"]
[WhiteClock "0:00:36"]
[BlackClock "0:00:01"]

1. e4 c5 2. Nf3 e6 3. b3 d5 4. exd5 exd5 5. Bb5+ Bd7 6. Qe2+ Qe7 7. Bxd7+ Nxd7 8. Qxe7+ Bxe7 9. O-O O-O-O 10. d4 Bf6 11. Rd1 Ne7 12. Nc3 cxd4 13. Nxd4 Nf5 14. Nxf5 Bxc3 15. Bf4 Nf6 16. Rab1 Bb4 17. c3 Bc5 18. b4 Bf8 19. Be5 Ne4 20. f3 Nd6 21. Bxd6 Bxd6 22. Rxd5 Bc7 23. Rbd1 Rxd5 24. Rxd5 g6 25. Ne7+ Kb8 26. Rd7 Re8 27. g3 Bb6+ 28. Kf1 h5 29. h3 f5 30. f4 h4 31. Kg2 hxg3 32. Kxg3 Bd8 33. Nxg6 Rg8 34. Kf3 Kc8 35. Ne5 Rh8 36. Kg2 Rg8+ 37. Kh2 Bf6 38. Rf7 Bh4 39. Rxf5 Rd8 40. Nf3 Be7 41. h4 Rd3 42. Kg3 Rxc3 43. b5 Kd7 44. h5 Ke6 45. Re5+ Kf6 46. Kg4 Bd6 47. Rf5+ Ke6 48. Ng5+ Ke7 49. Ne4 Rc8 50. h6 Ba3 51. h7 Bb2 52. Ng5 Rh8 53. Rf7+ Ke8 54. Rxb7 Be5 55. fxe5 1-0


[Site "https://www.chess.com"]

[Event "Titled Tuesday Blitz March 21 Early 2023"]
[White "Belozerov, Andrei"]
[Black "Guzman Moneo, Alberto"]
[WhiteFideId "4120213"]
[BlackFideId "2209616"]
[WhiteElo "2360"]
[BlackElo "2157"]
[Result "1-0"]
[Round "09"]
[TimeControl "180+2"]
[Date "2023.03.21"]
[WhiteClock "0:00:23"]
[BlackClock "0:00:17"]

1. e4 c5 2. Nf3 Nc6 3. Bb5 Nf6 4. Nc3 d5 5. exd5 Nxd5 6. O-O Bg4 7. h3 Bh5 8. g4 Bg6 9. Ne5 Rc8 10. d4 Nxc3 11. bxc3 e6 12. f4 f6 13. Nxc6 bxc6 14. Bc4 Bf7 15. Re1 Qd7 16. Bxe6 Bxe6 17. f5 Be7 18. Rxe6 O-O 19. Bf4 cxd4 20. Qxd4 Rfd8 21. Rae1 Bf8 22. Qe4 Qd5 23. c4 Qxe4 24. R1xe4 Rd1+ 25. Kg2 Kf7 26. h4 h6 27. g5 hxg5 28. hxg5 fxg5 29. Bxg5 Ra1 30. Rd4 Rxa2 31. Rd7+ Kg8 32. Rg6 Rxc2+ 33. Kf3 Rc3+ 34. Ke2 Re8+ 35. Kd2 1-0


[Site "https://www.chess.com"]

[Event "Titled Tuesday Blitz March 21 Early 2023"]
[White "Amilal Munkhdalai"]
[Black "Savitha Shri B"]
[WhiteFideId "4903250"]
[BlackFideId "35061887"]
[WhiteElo "2293"]
[BlackElo "2191"]
[Result "1-0"]
[Round "09"]
[TimeControl "180+2"]
[Date "2023.03.21"]
[WhiteClock "0:01:24"]
[BlackClock "0:00:20"]

1. e4 c5 2. Nf3 e6 3. d4 cxd4 4. Nxd4 a6 5. c4 Qc7 6. Nc3 Nc6 7. Be3 Nf6 8. a3 Be7 9. Be2 b6 10. O-O Bb7 11. f3 O-O 12. Qe1 Bc5 13. Qf2 Rad8 14. b4 Bxd4 15. Bxd4 Nxd4 16. Qxd4 d5 17. cxd5 exd5 18. e5 Nd7 19. f4 Nb8 20. Rac1 Nc6 21. Qd2 Qb8 22. Bf3 Ne7 23. Na4 Bc6 24. Nb2 Ba8 25. Kh1 f6 26. Nd3 fxe5 27. Nxe5 Qd6 28. g3 d4 29. Bxa8 Rxa8 30. Qa2+ Qd5+ 31. Qxd5+ Nxd5 32. Rfd1 Nc3 33. Rd3 a5 34. Re1 axb4 35. axb4 Ra4 36. Rxd4 Na2 37. Nc6 Rc8 38. Ne7+ 1-0


[Site "https://www.chess.com"]

[Event "Titled Tuesday Blitz March 21 Early 2023"]
[White "Pniaczek, Marek"]
[Black "Papasimakopoulos, Alexandros"]
[WhiteFideId "21800421"]
[BlackFideId "4244125"]
[WhiteElo "2138"]
[BlackElo "2359"]
[Result "0-1"]
[Round "09"]
[TimeControl "180+2"]
[Date "2023.03.21"]
[WhiteClock "0:00:03"]
[BlackClock "0:00:41"]

1. e4 e6 2. d4 d5 3. Nd2 Nf6 4. e5 Nfd7 5. Bd3 c5 6. c3 Nc6 7. Ne2 cxd4 8. cxd4 f6 9. exf6 Nxf6 10. Nf3 Bd6 11. O-O Qc7 12. h3 O-O 13. Be3 Bd7 14. Rc1 Be8 15. Nc3 a6 16. Na4 Bh5 17. Be2 Ne4 18. Nd2 Bxe2 19. Qxe2 Nxd2 20. Qxd2 Rf6 21. Nc5 Raf8 22. Rc3 Kh8 23. Rfc1 e5 24. dxe5 Bxe5 25. Rb3 d4 26. Bg5 Rg6 27. Rxb7 Qc8 28. f4 h6 29. fxe5 Nxe5 30. Nd7 Nf3+ 31. gxf3 Qxb7 32. Nxf8 Rxg5+ 33. Kf2 Qb8 34. Qxd4 Qh2+ 35. Ke3 Re5+ 36. Kd3 Qe2+ 37. Kc3 Re3+ 38. Kb4 Qb5# 0-1


[Site "https://www.chess.com"]

[Event "Titled Tuesday Blitz March 21 Early 2023"]
[White "Kaufman, Raymond"]
[Black "Hambleton, Aman"]
[WhiteFideId "2015056"]
[BlackFideId "2606577"]
[WhiteElo "2321"]
[BlackElo "2511"]
[Result "0-1"]
[Round "09"]
[TimeControl "180+2"]
[Date "2023.03.21"]
[WhiteClock "0:00:10"]
[BlackClock "0:00:07"]

1. c4 c5 2. Nc3 b6 3. Nf3 Bb7 4. d4 cxd4 5. Nxd4 e6 6. f3 Nf6 7. e4 d6 8. Be3 a6 9. Be2 Nbd7 10. O-O Be7 11. a4 Rb8 12. a5 bxa5 13. Nb3 Ba8 14. Qc2 O-O 15. Nxa5 Qc7 16. Rfc1 Rfc8 17. Kh1 h5 18. Bg1 h4 19. Bf1 Ne5 20. Ne2 h3 21. Nd4 hxg2+ 22. Qxg2 Nh5 23. Be3 Ng6 24. Qg4 Nf6 25. Qh3 Rxb2 26. Nab3 Bb7 27. c5 dxc5 28. Bxa6 Bxa6 29. Rxa6 Qb7 30. Rxe6 cxd4 31. Rb6 Rxc1+ 32. Bxc1 Qxb6 33. Qc8+ Bf8 34. Bxb2 Qxb3 35. Bxd4 Qxf3+ 0-1


[Site "https://www.chess.com"]

[Event "Titled Tuesday Blitz March 21 Early 2023"]
[White "Janaszak, Dawid"]
[Black "Preotu, Razvan"]
[WhiteFideId "1119206"]
[BlackFideId "2613280"]
[WhiteElo "2220"]
[BlackElo "2407"]
[Result "1/2-1/2"]
[Round "09"]
[TimeControl "180+2"]
[Date "2023.03.21"]
[WhiteClock "0:00:47"]
[BlackClock "0:00:08"]

1. e4 c5 2. Nc3 d6 3. f4 g6 4. Nf3 Bg7 5. Bc4 Nc6 6. O-O e6 7. d4 cxd4 8. Nb5 a6 9. Nbxd4 Nxd4 10. Nxd4 Nf6 11. e5 dxe5 12. fxe5 Nd5 13. Nf3 Qb6+ 14. Kh1 Ne3 15. Bxe3 Qxe3 16. Qd6 Bf8 17. Qd1 Bd7 18. Re1 Qf4 19. Qe2 Bc6 20. Bd3 Bg7 21. Be4 Qxe4 22. Qxe4 Bxe4 23. Rxe4 Rd8 24. Kg1 Ke7 25. Kf1 Rd7 26. Ke2 Rc8 27. c3 Rcd8 28. a4 Rd5 29. a5 Rc8 30. Raa4 Rcc5 31. Rab4 Rd7 32. Ra4 Rdd5 33. Rab4 Rd7 34. Ra4 Rdd5 1/2-1/2


[Site "https://www.chess.com"]

[Event "Titled Tuesday Blitz March 21 Early 2023"]
[White "Ben Artzi, Ido"]
[Black "Korchmar, Vasiliy"]
[WhiteFideId "2810913"]
[BlackFideId "24131750"]
[WhiteElo "2204"]
[BlackElo "2370"]
[Result "1/2-1/2"]
[Round "09"]
[TimeControl "180+2"]
[Date "2023.03.21"]
[WhiteClock "0:00:15"]
[BlackClock "0:02:02"]

1. d4 d5 2. c4 c6 3. cxd5 cxd5 4. Bf4 Nf6 5. Nc3 Nc6 6. e3 a6 7. Be2 Bf5 8. Rc1 e6 9. Qb3 Na5 10. Qa4+ b5 11. Nxb5 axb5 12. Bxb5+ Nd7 13. Bc7 Qc8 14. Nf3 Nc6 15. Ba5 Bb4+ 16. Qxb4 Nxb4 17. Rxc8+ Rxc8 18. Bxb4 Rc1+ 19. Kd2 Rxh1 20. Ne5 f6 21. Bxd7+ Kd8 22. Ba5+ Ke7 23. Bb4+ Kd8 24. Ba5+ Ke7 25. Bb4+ Kd8 1/2-1/2


[Site "https://www.chess.com"]

[Event "Titled Tuesday Blitz March 21 Early 2023"]
[White "Larino Nieto, David"]
[Black "koncheto"]
[WhiteFideId "2256444"]
[WhiteElo "2506"]
[BlackElo "2509"]
[Result "0-1"]
[Round "09"]
[TimeControl "180+2"]
[Date "2023.03.21"]
[WhiteClock "0:00:12"]
[BlackClock "0:00:11"]

1. e4 c5 2. Nc3 Nc6 3. g3 g6 4. Bg2 Bg7 5. d3 e6 6. f4 Nge7 7. Be3 Nd4 8. Nce2 Nec6 9. Nc1 d5 10. c3 Nb5 11. Bxc5 Nxc3 12. Qb3 Qa5 13. Be3 Nxe4+ 14. Ke2 Nc5 15. Qc2 b6 16. Nf3 O-O 17. Nb3 Nb4 18. Qd2 Qb5 19. a4 Qxd3+ 20. Qxd3 Nbxd3 21. Nbd4 Ba6 22. Kd1 Nxb2+ 23. Kc2 Nc4 24. Bc1 Rfc8 25. Ra2 Ne4 26. Kb1 Nc3+ 27. Ka1 Nxa2 28. Kxa2 Na5 29. Bb2 Nc6 30. h4 Nxd4 31. Nxd4 Bxd4 32. Bxd4 Rc2+ 33. Kb3 Rxg2 34. h5 Rc8 35. hxg6 fxg6 36. f5 exf5 37. Be5 Re2 38. Bf4 d4 39. a5 bxa5 40. g4 d3 41. g5 d2 42. Rd1 Bc4+ 43. Ka4 Rb8 44. Kxa5 Bb3 45. Rxd2 Rxd2 46. Bxd2 Bd5 47. Bf4 Re8 48. Kb5 Re4 49. Bd6 Rg4 50. Kc5 Rxg5 51. Kxd5 a5 52. Ke5 a4 53. Kf4 Rg4+ 54. Ke5 Re4+ 55. Kf6 h5 56. Kg5 Rg4+ 57. Kh6 h4 58. Be5 h3 59. Bh2 a3 60. Be5 a2 61. Bd6 a1=Q 62. Be5 Qc1+ 63. Bf4 Qxf4# 0-1


[Site "https://www.chess.com"]

[Event "Titled Tuesday Blitz March 21 Early 2023"]
[White "Pham, Le Thao Nguyen"]
[Black "HSH1987"]
[WhiteFideId "12401226"]
[WhiteElo "2282"]
[BlackElo "2680"]
[Result "1-0"]
[Round "09"]
[TimeControl "180+2"]
[Date "2023.03.21"]
[WhiteClock "0:00:08"]
[BlackClock "0:00:10"]

1. d4 Nf6 2. Nf3 c5 3. c3 g6 4. Bf4 Bg7 5. e3 O-O 6. Nbd2 d6 7. h3 Be6 8. dxc5 dxc5 9. Qc2 Nc6 10. Be2 Rc8 11. O-O Nd5 12. Bg3 Nb6 13. Rfd1 Qe8 14. a4 Na5 15. Bb5 Bd7 16. Bxd7 Nxd7 17. b3 Nb6 18. Ne5 Bxe5 19. Bxe5 f6 20. Bg3 e5 21. c4 Nc6 22. Ne4 Nb4 23. Qc3 Qe7 24. a5 Nd7 25. Nd6 Rc7 26. Nb5 Rcc8 27. Nxa7 Rcd8 28. Nb5 Nb8 29. f4 e4 30. f5 gxf5 31. Bd6 Rxd6 32. Rxd6 N8c6 33. Rf1 Qe5 34. Qxe5 fxe5 35. Rd7 Nxa5 36. Nd6 f4 37. Nxe4 Nxb3 38. exf4 exf4 39. Rfd1 b6 40. R1d6 f3 41. Nf6+ Rxf6 42. Rxf6 fxg2 43. Kxg2 Nd4 44. Rxb6 Nbc6 45. Ra6 Nb8 46. Ra8 Nc6 47. Rb7 h5 48. Raxb8+ Nxb8 49. Rxb8+ Kf7 50. Rc8 Ke6 51. Rxc5 Kd6 52. Rxh5 1-0


[Site "https://www.chess.com"]

[Event "Titled Tuesday Blitz March 21 Early 2023"]
[White "Starozhilov, Leonid"]
[Black "Shapiro, Viktor"]
[WhiteFideId "14106752"]
[BlackFideId "4175700"]
[WhiteElo "2402"]
[BlackElo "2152"]
[Result "1-0"]
[Round "09"]
[TimeControl "180+2"]
[Date "2023.03.21"]
[WhiteClock "0:00:59"]
[BlackClock "0:00:52"]

1. e4 Nf6 2. Nc3 d5 3. e5 Nfd7 4. f4 e6 5. Nf3 c5 6. g3 Nc6 7. Bg2 Be7 8. O-O O-O 9. d3 f6 10. exf6 Bxf6 11. Re1 Re8 12. Bd2 Nf8 13. Rb1 a6 14. a3 b5 15. b4 c4 16. Kh1 Bb7 17. Qe2 Rc8 18. dxc4 bxc4 19. Na4 e5 20. Nc5 Ba8 21. fxe5 Nxe5 22. Bf4 Nxf3 23. Qxe8 Qxe8 24. Rxe8 Rxe8 25. Bxf3 Re3 26. Bxe3 1-0


[Site "https://www.chess.com"]

[Event "Titled Tuesday Blitz March 21 Early 2023"]
[White "Aggelis, Nikolaos"]
[Black "Miszler, Levente"]
[WhiteFideId "4213220"]
[BlackFideId "763276"]
[WhiteElo "2189"]
[BlackElo "2176"]
[Result "0-1"]
[Round "09"]
[TimeControl "180+2"]
[Date "2023.03.21"]
[WhiteClock "0:00:09"]
[BlackClock "0:00:04"]

1. d4 Nf6 2. g3 e6 3. Bg2 d5 4. Nf3 Be7 5. O-O O-O 6. c4 dxc4 7. Qc2 a6 8. a4 Bd7 9. Qxc4 Bc6 10. Bf4 Bd6 11. Qc1 Bxf4 12. Qxf4 a5 13. Nc3 Na6 14. e4 Nb4 15. Rfd1 Qe7 16. Ne5 Rfd8 17. Rd2 Ra6 18. Rad1 Rb6 19. h3 Nd7 20. Nxc6 Nxc6 21. Qxc7 Rb4 22. d5 Rc8 23. Qf4 e5 24. Qe3 Nd4 25. Rxd4 exd4 26. Rxd4 Qe5 27. Rd2 Nc5 28. f4 Qe8 29. e5 Nxa4 30. Nxa4 Qxa4 31. d6 Rxb2 32. Rxb2 Qa1+ 33. Kh2 Qxb2 34. e6 Rc2 35. exf7+ Kxf7 36. Qe7+ Kg6 37. Qe4+ Kh6 38. d7 Rd2 39. f5 Qd4 40. d8=Q Qxd8 41. Qxb7 Qd4 42. Qe7 a4 43. h4 g6 44. Qg5+ Kg7 45. Kh3 Rxg2 46. Kxg2 Qd5+ 47. Kh3 Qxf5+ 0-1


[Site "https://www.chess.com"]